 Dungeon Crawl Stone Soup version 0.18.1-5-g4a78601 (webtiles) character file.

338 dracos369 the Conjurer (level 6, -12/30 HPs)
             Began as a Vine Stalker Conjurer on May 13, 2016.
             Was a Follower of Makhleb.
             Killed from afar by dracos369's ghost (14 damage)
             ... with a spray of energy
             ... on level 4 of the Dungeon.
             The game lasted 00:09:53 (2084 turns).

dracos369 the Conjurer (Vine Stalker Conjurer)      Turns: 2084, Time: 00:09:53

Health: -12/30     AC: 10    Str: 10    XL:     6   Next: 55%
Magic:  0/11       EV: 12    Int: 15    God:    Makhleb [*.....]
Gold:   148        SH:  0    Dex: 17    Spells: 3 memorised, 4 levels left

rFire  . . .     SeeInvis .     j - +3 dagger (protect)
rCold  . . .     Gourm    .     s - +0 robe
rNeg   . . .     Faith    .     (no shield)
rPois  .         Spirit   +     (no helmet)
rElec  .         Dismiss  .     a - +0 cloak
rCorr  .         Reflect  .     g - +0 pair of gloves
SustAt .         Harm     .     d - +0 pair of boots
MR     .....                    (no amulet)
Stlth  ++........               (no ring)
                                (no ring)

@: flying, drained, not resistant to hostile enchantments, unstealthy
A: fangs 2, regeneration 2, magic shield, antimagic bite, no device heal 3, rot
immunity
a: Renounce Religion


You were on level 4 of the Dungeon.
You worshipped Makhleb.
Makhleb was aware of your devotion.
You were not hungry.

You visited 1 branch of the dungeon, and saw 4 of its levels.
You also visited: Sewer.

You collected 148 gold pieces.

Inventory:

Hand Weapons
 j - a +3 dagger of protection (weapon)
Missiles
 r - a throwing net (quivered)
Armour
 a - a +0 cloak (worn)
 d - a +0 pair of boots (worn)
 g - a +0 pair of gloves (worn)
 l - a +0 buckler
 s - a +0 robe (worn)
Rods
 t - a +0 rod of clouds (9/9)
   (You found it on level 2 of the Dungeon)
Scrolls
 h - 2 scrolls of remove curse
 m - a scroll of identify {unknown}
 v - a scroll of blinking {unknown}
 y - a scroll of magic mapping
Potions
 e - a potion of lignification {unknown}
 f - 3 potions of curing
 k - a potion of might {unknown}
 n - a potion of cancellation {unknown}
 o - 3 potions of flight
 q - a potion of heal wounds
 u - a potion of degeneration {unknown}
 w - a potion of haste {unknown}
Books
 b - a book of Conjurations

   Spells                             Type                      Level
   a - Magic Dart                     Conjuration                  1
   b - Searing Ray                    Conjuration                  2
   c - Dazzling Spray                 Conjuration/Hexes            3
   d - Fulminant Prism                Conjuration/Hexes            4
   e - Iskenderun's Mystic Blast      Conjuration                  4
   f - Iskenderun's Battlesphere      Conjuration/Charms           5
Comestibles
 c - 4 bread rations
 i - 2 chunks of flesh
 p - a beef jerky


   Skills:
 + Level 1.5(1.1) Fighting
 * Level 2.4(2.0) Short Blades
 + Level 2.2(1.8) Dodging
 + Level 3.5(3.1) Stealth
 * Level 2.5(2.0) Shields
 + Level 2.9(2.5) Spellcasting
 + Level 4.4(3.9) Conjurations
 + Level 1.0(0.5) Invocations


You had 4 spell levels left.
You knew the following spells:

 Your Spells              Type           Power        Failure   Level  Hunger
a - Magic Dart            Conj           ##..         4%          1    #......
b - Searing Ray           Conj           ##....       8%          2    ###....
c - Dazzling Spray        Conj/Hex       #.......     30%         3    ###....


Dungeon Overview and Level Annotations

Branches:
Dungeon (4/15)
 Temple: D:4-7

Altars:
Makhleb

Annotations:
D:4 dracos369's ghost, novice VSCj


Innate Abilities, Weirdness & Mutations

You have extremely sharp teeth.
You heal very quickly.
When hurt, damage is shared between your health and your magic reserves.
Your bite disrupts and absorbs the magic of your enemies.
Potions and wands cannot restore your health.
You are immune to rotting.


Message History

You feel drained. Dracos369's ghost casts a spell at you.
The magic dart hits you!
There is an open door, spattered with blood here.
You reach down and close the door.
Dracos369's ghost opens the door.
You reach down and close the door.
Dracos369's ghost opens the door.
You reach down and close the door.
Dracos369's ghost opens the door.
Dracos369's ghost points at you and mumbles some strange words.
The spray of energy hits you!
* * * LOW HITPOINT WARNING * * *
Dracos369's ghost points at you and mumbles some strange words.
The spray of energy hits you!
* * * LOW HITPOINT WARNING * * *
Dracos369's ghost casts a spell at you. The magic dart hits you!
* * * LOW HITPOINT WARNING * * *
Dracos369's ghost gestures at you while chanting.
The spray of energy hits you!
You die...

*******#$#...#.#....
######.#####.#.##.
#......W..........
#.##########.#.#..
#.# #.#.#.. #.#
#.#,#,. #.# #.#,***
########.# #.#,,,,
##.......@# #.#****
#.......(.# *.#****
#≈.≈......# *,,,,,,
#≈.≈≈≈...## *******
#≈≈≈≈≈...#
##+##≈W..#
#≈≈≈#≈...#
#≈.≈#≈≈≈.#
#≈≈≈'≈≈..#


You could see dracos369's ghost.

Vanquished Creatures
  A big kobold (Sewer)
  A howler monkey (D:4)
  An orc priest (D:3)
  An orc wizard (D:3)
  Jessica (D:2)
  3 adders
  3 river rats (Sewer)
  2 oozes (D:2)
  An adder skeleton (D:4)
  4 worms
  4 dart slugs
  A giant gecko (D:1)
  3 orcs (D:3)
  2 giant cockroaches
  5 goblins
  7 hobgoblins
  2 jackals (Sewer)
  10 kobolds
  2 bats (D:1)
  4 giant newts
  10 rats
68 creatures vanquished.

Notes
Turn   | Place    | Note
--------------------------------------------------------------
     0 | D:1      | dracos369 the Vine Stalker Conjurer began the quest for the Orb.
     0 | D:1      | Reached XP level 1. HP: 9/9 MP: 4/4
   174 | D:1      | Reached XP level 2. HP: 14/14 MP: 6/6
   324 | D:1      | Learned a level 2 spell: Searing Ray
   401 | D:1      | Reached skill level 1 in Fighting
   430 | D:1      | Reached XP level 3. HP: 18/18 MP: 2/7
   655 | D:2      | Noticed Jessica
   661 | D:2      | Killed Jessica
   661 | D:2      | Reached skill level 1 in Short Blades
   661 | D:2      | Reached XP level 4. HP: 22/22 MP: 8/8
   664 | D:2      | Reached skill level 1 in Shields
  1079 | D:2      | Identified a +0 rod of clouds (9/9) (You found it on level 2 of the Dungeon)
  1265 | D:2      | Found a burning altar of Makhleb.
  1287 | D:2      | Became a worshipper of Makhleb the Destroyer
  1373 | D:3      | Reached XP level 5. HP: 19/25 MP: 8/10
  1418 | D:3      | Learned a level 3 spell: Dazzling Spray
  1669 | D:3      | Reached * piety under Makhleb
  1832 | D:4      | Noticed dracos369's ghost (novice VSCj)
  1855 | D:4      | Gained mutation: You heal very quickly. [Vine Stalker growth]
  1855 | D:4      | Reached XP level 6. HP: 30/30 MP: 11/11
  1864 | D:4      | Found a glowing drain.
  1869 | Sewer    | Entered a sewer
  1982 | Sewer    | Reached skill level 1 in Invocations
  2015 | Sewer    | Found a white marble altar of Elyvilon.
  2084 | D:4      | Killed from afar by dracos369's ghost

Skill      XL: |  1  2  3  4  5  6 |
---------------+-------------------+-----
Fighting       | 1 |  1.5
Short Blades   | 1 2 |  2.4
Shields        | 1 2 |  2.5
Stealth        | 3 |  3.5
Dodging        | 2 |  2.2
Invocations    | 1 |  1.0
Spellcasting   | |  2.9
Conjurations   | |  4.4

Action                   |  1- 3 |  4- 6 || total
-------------------------+-------+-------++-------
Melee: Unarmed           |     8 |       ||     8
       Dagger            |    52 |   175 ||   227
       Bite              |    15 |    49 ||    64
 Cast: Magic Dart        |    16 |     8 ||    24
Evoke: Rod               |       |     1 ||     1
  Use: Scroll            |       |     3 ||     3
       Potion            |       |     5 ||     5
 Stab: Sleeping          |     2 |     7 ||     9
       Distracted        |     1 |       ||     1
  Eat: Chunk             |       |     5 ||     5
Armor: Robe              |    13 |    46 ||    59
Dodge: Dodged            |    23 |   116 ||   139
